Unix NetHack Version 5.0.0-0 post-release - last build May 23 2026 06:08:33 (1c0ff79ee797540d5714e4e18072db0edd9e58ae,branch:main).

Game began 2026-05-25 04:32:58, ended 2026-05-25 04:56:16.

ArrBianca, chaotic female orcish Rogue

                                                 -----
                                          f  neGGf@d..---
                                                 ----...|
                                                    ---.---
                                                      |...|
                                                      ---.--
                                                        |.<.-----.-----
                                                        ---..............
                                                          ---....-----..^
                                                                     |-%..
                                                                    #-.[..
                                                                    |[....
                                                                    --..

ArrBianca the Rogue     St:10 Dx:18 Co:18 In:11 Wi:10 Ch:8  Chaotic
Dlvl:7  $:136 HP:0(55) Pw:16(16) AC:4  Xp:6 T:2812 

Latest messages:
 The gnome lord zaps a wand of create monster!
 A gnome suddenly appears close by!
 You hit the wolf.
 The wolf just misses!
 The gnome lord zaps a wand of create monster!
 You hit the wolf!
 The wolf bites!
 The gnome lord zaps a wand of create monster!
 A grid bug suddenly appears close by!
 A grid bug suddenly appears close by!
 You swap places with your housecat.
 You see here a dart.
 The grid bug bites!
 You avoid harm.
 The gnome lord zaps a wand of create monster!
 A jaguar suddenly appears close by!
 You kill the grid bug!
 The gnome lord zaps a wand of create monster!
 A black unicorn suddenly appears close by!
 The black unicorn vanishes!
 The gnome lord zaps a wand of create monster!
 A wood nymph suddenly appears close by!
 The housecat bites the wolf.
 The wolf misses the housecat.
 The housecat bites the wolf.
 The gnome lord zaps a wand of create monster!
 A floating eye suddenly appears close by!
 The gnome lord throws 2 darts!
 The floating eye is hit!
 The floating eye is hit!
 The floating eye is killed!
 The housecat drops a dart.
 Your housecat eats a wolf corpse.
 M - 2 daggers.
 You see here 3 darts.
 Y - 3 darts.
 You see here a dart.
 Y - a dart (4 in total).
 The gnome lord throws a dart!
 The dart misses the housecat.
 You are hit by a dart!
 You kill the grid bug!
 You hit the wolf!
 The wolf bites!
 You hit the wolf.
 The wolf bites!
 You hit the wolf!
 The wolf bites!
 You die...
 Do you want your possessions identified? [ynq] (y) q

Inventory:
 Coins    ('$')
  $ - 136 gold pieces
 Weapons  (')')
  Y - 4 blessed +4 darts
  R - a blessed +0 dagger
  M - 2 +0 daggers
  V - a blessed +1 elven dagger
  E - 2 +0 orcish daggers (at the ready)
  a - a corroded +2 orcish short sword (weapon in right hand)
 Armor    ('[')
  n - an uncursed +0 orcish helm (being worn)
  L - an uncursed +0 dwarvish cloak (being worn)
  m - an uncursed +0 elven mithril-coat (being worn)
 Comestibles  ('%')
  g - 3 uncursed food rations
 Rings    ('=')
  I - an uncursed ring of shock resistance (on right hand)
 Tools    ('(')
  f - an empty uncursed sack
  h - an uncursed sack containing 17 items
  U - a cursed crystal ball (0:4)
  e - an uncursed lock pick
  H - an uncursed skeleton key
  W - an uncursed skeleton key

Contents of the sack:
  a +0 dart
  a rusty +0 orcish dagger
  an uncursed pancake
  2 cursed tripe rations
  a cursed scroll of confuse monster
  an uncursed scroll of magic mapping
  an uncursed spellbook of healing
  an uncursed potion of oil
  an uncursed potion of healing
  a cursed potion of levitation
  an uncursed potion of sickness
  an uncursed ring of regeneration
  a cursed -2 ring of adornment named curst
  a wand of digging (0:5)
  a wand of slow monster (0:0)
  an uncursed worthless piece of black glass
  an uncursed worthless piece of blue glass

ArrBianca the Rogue's attributes:

Background:
 You were a Rogue, level 6 female orc.
 You were chaotic, on a mission for Kos
 who was opposed by Issek (lawful) and Mog (neutral).
 You were right-handed.
 You were in the Gnomish Mines, on level 7.
 You entered the dungeon 2812 turns ago.
 It was nighttime.
 You had 359 experience points, 281 more were needed to attain level 7.

Basics:
 You had 0 out of 55 hit points.
 You had all 16 energy points (spell power).
 Your armor class was 4.
 Your wallet contained 136 zorkmids.
 Autopickup was on for '$?!/="+%' plus thrown, with exceptions.

Final Characteristics:
 Your strength was 10 (limit:18/50).
 Your dexterity was 18 (limit:18).
 Your constitution was 18 (limit:18).
 Your intelligence was 11 (limit:16).
 Your wisdom was 10 (limit:16).
 Your charisma was 8 (limit:16).

Final Status:
 You weren't hungry.
 You were unencumbered.
 You were wielding a short sword.
 You were skilled in short sword.

Final Attributes:
 You were piously aligned.
 Your items were somewhat protected from fire.
 Your items were somewhat protected from cold.
 You were shock resistant.
 Your items were protected from electric shocks.
 You were poison resistant.
 You had infravision.
 You were stealthy.
 You were guarded.
 You are dead.

Miscellaneous:
 You didn't encounter any bones levels.
 Total elapsed playing time was 23 minutes and 18 seconds.

Major events:
 Turn
    1: ArrBianca the chaotic female orcish Rogue entered the dungeon
 1164: attained the rank of Cutpurse (level 3)
 1828: entered the Gnomish Mines
 2409: attained the rank of Rogue (level 6)
 2812: killed by a wolf

You didn't know any spells.

Skills:
 Fighting Skills
   bare handed combat [Unskilled]
   two weapon combat  [Unskilled]
   riding             [Unskilled]
 Weapon Skills
   dagger             [Basic]
   knife              [Unskilled]
   short sword        [Skilled]
   broadsword         [Unskilled]
   long sword         [Unskilled]
   two-handed sword   [Unskilled]
   saber              [Unskilled]
   club               [Unskilled]
   mace               [Unskilled]
   morning star       [Unskilled]
   flail              [Unskilled]
   hammer             [Unskilled]
   polearms           [Unskilled]
   spear              [Unskilled]
   crossbow           [Unskilled]
   dart               [Unskilled]
   shuriken           [Unskilled]
 Spellcasting Skills
   divination spells  [Unskilled]
   escape spells      [Unskilled]
   matter spells      [Unskilled]

Voluntary challenges:
 Character rerolling was not enabled.
 You never genocided any monsters.
 You never polymorphed an object.
 You used no wishes.
Achievements:
 You attained the rank of Cutpurse.
 You entered the Gnomish Mines.
 You attained the rank of Rogue.

 The Dungeons of Doom: levels 1 to 5
    Level 1:
       Some fountains.
    Level 2:
       A fountain.
    Level 3:
    Level 4:
       Some fountains, a grave.
       Stairs down to The Gnomish Mines.
    Level 5:
       Many fountains.
 The Gnomish Mines: levels 5 to 7
    Level 5:
    Level 6:
    Level 7: <- You were here.
       Final resting place for
          you, killed by a wolf.


Vanquished creatures:
  2 wolves
  a fog cloud
  2 shriekers
  a violet fungus
  2 gnome leaders
  a gray ooze
  a baby crocodile
  a floating eye
  2 kittens
  5 dwarves
  a kobold shaman
  a hill orc
  a wererat
  4 acid blobs
  a hobbit
  2 manes
  a giant rat
  2 cave spiders
 16 gnomes
  3 geckos
  5 jackals
  a fox
  3 kobolds
  2 goblins
  5 grid bugs
  2 kobold zombies
  6 newts
74 creatures vanquished.

No species were genocided or became extinct.

Game over:
                       ----------
                      /          \
                     /    REST    \
                    /      IN      \
                   /     PEACE      \
                  /                  \
                  |    ArrBianca     |
                  |      136 Au      |
                  | killed by a wolf |
                  |                  |
                  |                  |
                  |                  |
                  |       2026       |
                 *|     *  *  *      | *
        _________)/\\_//(\/(/\)/\//\/|_)_______

Goodbye ArrBianca the Rogue...

You died in The Gnomish Mines on dungeon level 7 with 1929 points,
and 136 pieces of gold, after 2812 moves.
You were level 6 with a maximum of 55 hit points when you died.

